 Dungeon Crawl Stone Soup version 0.29-a0-870-g2c97203 (webtiles) character file.

Game seed: 16877716052440515037

32 Nithhogg the Trooper (level 3, -2/33 HPs)
             Began as a Hill Orc Fighter on Apr 12, 2022.
             Succumbed to Crazy Yiuf's poison
             ... on level 2 of the Dungeon on July 17, 2022.
             The game lasted 00:04:36 (1337 turns).

Nithhogg the Trooper (Hill Orc Fighter)             Turns: 1337, Time: 00:04:37

Health: -2/33      AC:  6    Str: 20    XL:     3   Next: 27%
Magic:  3/3        EV: 10    Int:  8    God:
Gold:   54         SH:  0    Dex: 10    Spells: 2/2 levels left

rFire   . . .      SeeInvis .   a - +0 war axe
rCold   . . .      Faith    .   (no shield)
rNeg    . . .      Spirit   .   b - +0 scale mail
rPois   .          Reflect  .   (no helmet)
rElec   .          Harm     .   (no cloak)
rCorr   .          Rampage  .   (no gloves)
Will    .....                   (no boots)
Stlth   ..........              (no amulet)
HPRegen 0.11/turn               (no ring)
MPRegen 0.08/turn               (no ring)

@: lethally poisoned (-2 -> -29), flying
A: no striking features
a: no special abilities


You were on level 2 of the Dungeon.
You visited 1 branch of the dungeon, and saw 2 of its levels.

You collected 54 gold pieces.

Inventory:

Hand Weapons
 a - a +0 war axe (weapon)
Missiles
 i - a throwing net (quivered)
Armour
 b - a +0 scale mail (worn)
 c - a +0 buckler
Jewellery
 k - a ring of willpower
Scrolls
 g - 2 scrolls of identify {unknown}
 j - a scroll of magic mapping {unknown}
 m - a scroll of vulnerability {unknown}
 o - a scroll of teleportation {unknown}
 p - a scroll of enchant armour {unknown}
Potions
 d - 3 potions of might
 f - a potion of heal wounds {unknown}
 h - a potion of lignification {unknown}
 l - 2 potions of curing {unknown}
 n - a potion of resistance {unknown}


   Skills:
 + Level 4.0 Fighting
 + Level 3.3 Axes
 + Level 3.6 Armour
 + Level 1.0 Dodging
 - Level 3.2 Shields


You had 2 spell levels left.
You didn't know any spells.
Your spell library was empty.

Dungeon Overview and Level Annotations

Branches:
Dungeon (2/15)

Altars:

Annotations:
D:2 Crazy Yiuf


Message History

Crazy Yiuf whimpers, "Ice stair song!"
You slash Crazy Yiuf!
Crazy Yiuf is heavily wounded.
Crazy Yiuf hits you with a +2 quarterstaff of chaos.
Crazy Yiuf burns you.
You closely miss Crazy Yiuf.
Crazy Yiuf is heavily wounded.
Crazy Yiuf hits you with a +2 quarterstaff of chaos!
Crazy Yiuf barely misses you.
You are too injured to fight recklessly!
You are too injured to fight recklessly!
You are too injured to fight recklessly!
You are too injured to fight recklessly!
You are too injured to fight recklessly!
You are too injured to fight recklessly!
You are too injured to fight recklessly!
You are too injured to fight recklessly!
You are too injured to fight recklessly!
You are too injured to fight recklessly!
You are too injured to fight recklessly!
You are too injured to fight recklessly!
You are too injured to fight recklessly!
You hit Crazy Yiuf but do no damage.
Crazy Yiuf is heavily wounded.
Crazy Yiuf hits you but does no damage.
You barely miss Crazy Yiuf.
Crazy Yiuf is heavily wounded.
Crazy Yiuf says, "Papa rumpyflump bush!"
Crazy Yiuf hits you with a +2 quarterstaff of chaos.
You are lethally poisoned!
It was a potion of flight.
You feel very buoyant.
You fly up into the air.
You feel very sick.
Crazy Yiuf hits you with a +2 quarterstaff of chaos.
* * * LOW HITPOINT WARNING * * *
You are more poisoned.
You hit Crazy Yiuf but do no damage.
Crazy Yiuf is heavily wounded.
You die...

#.##........########
#.##...............##
#..#........######..#
...########## ##.#
.### #.# . #######(##
### ###.#).#...#
#)))##..#.......#
#..)g@####......#
#).)### ##.#..## ###
######


You could see Crazy Yiuf.

Vanquished Creatures
  2 dart slugs (D:1)
  3 ball pythons (D:1)
  5 endoplasms (D:1)
  2 giant cockroaches (D:1)
  3 goblins (D:1)
  A hobgoblin (D:1)
  2 quokkas (D:1)
  2 bats (D:1)
  A frilled lizard (D:1)
  4 kobolds
  A rat (D:2)
26 creatures vanquished.

Notes
Turn   | Place    | Note
-------+----------+-------------------------------------------
     0 | D:1      | Nithhogg the Hill Orc Fighter began the quest for the Orb.
     0 | D:1      | Reached XP level 1. HP: 19/19 MP: 1/1
   135 | D:1      | Reached XP level 2. HP: 15/27 MP: 2/2
   135 | D:1      | Upgraded the game from 0.29-a0-330-g52719c1 to
                  | 0.29-a0-338-g1ff7896
   135 | D:1      | Upgraded the game from 0.29-a0-338-g1ff7896 to
                  | 0.29-a0-870-g2c97203
   478 | D:1      | Reached skill level 4 in Fighting
   482 | D:1      | Reached XP level 3. HP: 25/33 MP: 3/3
   716 | D:1      | Found a faded altar of an unknown god.
   833 | D:1      | Reached skill level 1 in Dodging
  1327 | D:2      | Found a runed translucent door.
  1328 | D:2      | Noticed Crazy Yiuf
  1337 | D:2      | Succumbed to Crazy Yiuf's poison

Illustrated notes

Levels and vault maps discovered:
D:1:      minmay_arrival_loop, layout_basic, ebering_ecumenical_altar_rust,
          minmay_small_reverse_x
D:2:      layout_rooms, serial_shops, nicolae_shop_bloodbath_and_beyond,
          nicolae_shop_temple_entry_statues_fountains, shop, shop, uniq_natasha,
          uniq_crazy_yiuf_cottage

Skill      XL: |  1  2  3 |
---------------+----------+-----
Axes           | 3 |  3.3
Fighting       | 4 |  4.0
Dodging        | 1 |  1.0
Armour         | |  3.6
Shields        | |  3.2

Action                   || total
-------------------------++-------
Melee: War axe           ||    69
  Use: Potion            ||     1
Armor: Scale mail        ||    37
Dodge: Dodged            ||    40

Table legend: (Time is in decaauts)
 A = Elapsed time spent in this place.
 B = Non-inter-level travel time spent in this place.
 C = Inter-level travel time spent in this place.
 D = Time resting spent in this place.
 E = Time spent auto-exploring this place.
 F = Levels seen in this place.
 G = Mean time per level.
                   A        B        C        D        E       F      G
               +--------+--------+--------+--------+--------+-----+--------+
         Total |   1359 |   1307 |     52 |      0 |   1130 |   2 |  679.5 |
       Dungeon |   1359 |   1307 |     52 |      0 |   1130 |   2 |  679.5 |
               +--------+--------+--------+--------+--------+-----+--------+

Top non-repeatable levels by time:
     D:1: 1222 daAuts
     D:2: 137 daAuts
